 Dungeon Crawl Stone Soup version 0.19-a0-1091-g463c9de (webtiles) character file.

333 Jmtri7 the Basher (level 6, -7/62 HPs)
             Began as an Ogre Berserker on Aug 8, 2016.
             Was a Believer of Trog.
             Killed from afar by an orc wizard (12 damage)
             ... with a puff of frost
             ... on level 3 of the Dungeon.
             The game lasted 00:05:17 (3078 turns).

Jmtri7 the Basher (Ogre Berserker)                  Turns: 3078, Time: 00:05:18

Health: -7/62      AC:  3    Str: 25    XL:     6   Next: 53%
Magic:  6/6        EV: 10    Int:  6    God:    Trog [**....]
Gold:   271        SH:  0    Dex:  9    Spells: 0 memorised, 5 levels left

rFire  . . .     SeeInvis .     a - +0 mace
rCold  . . .     Gourm    .     b - +0 animal skin
rNeg   . . .     Faith    .     (no shield)
rPois  .         Spirit   .     (helmet restricted)
rElec  .         Dismiss  .     (no cloak)
rCorr  .         Reflect  .     (gloves unavailable)
SustAt .         Harm     .     (boots unavailable)
MR     .....                    (no amulet)
Stlth  +.........               (no ring)
                                (no ring)

@:
A: unfitting armour, tough skin 1
a: Berserk, Trog's Hand, Burn Spellbooks, Renounce Religion


You were on level 3 of the Dungeon.
You worshipped Trog.
Trog was pleased with you.
You were very hungry.

You visited 1 branch of the dungeon, and saw 4 of its levels.

You collected 271 gold pieces.

Inventory:

Hand Weapons
 a - a +0 mace (weapon)
Armour
 b - a +0 animal skin (worn)
Scrolls
 f - 5 scrolls of identify {unknown}
 g - a scroll of teleportation {unknown}
 h - 3 scrolls of remove curse {unknown}
 i - a scroll of random uselessness {unknown}
 n - a scroll of immolation {unknown}
Potions
 d - a potion of invisibility {unknown}
 e - a potion of agility {unknown}
 j - 2 potions of curing {unknown}
 k - a potion of degeneration {unknown}
 l - 3 potions of heal wounds {unknown}
 p - a potion of resistance {unknown}
Comestibles
 c - 4 bread rations
 o - a beef jerky


   Skills:
 - Level 4.0 Fighting
 + Level 9.3 Maces & Flails
 - Level 2.6 Dodging


You had 5 spell levels left.
You didn't know any spells.

Dungeon Overview and Level Annotations

Branches:
Dungeon (4/15)
 Temple: D:4-7

Altars:
Ashenzari
Gozag
Nemelex Xobeh
Yredelemnul


Innate Abilities, Weirdness & Mutations

You are too large for most types of armour.
You have tough skin. (AC +1)


Message History

The orc wizard casts a spell.
The orc wizard blinks!
You feel less exhausted.
The orc wizard casts a cantrip, but nothing happens.
There is an escape hatch in the floor here.
The orc wizard barely misses you.
There is a stone staircase leading up here.
The orc wizard hits you but does no damage.
A magic dart appears from out of thin air!
The magic dart hits you!
* * * LOW HITPOINT WARNING * * *
The orc wizard casts a spell.
The orc wizard blinks!
You climb upwards.
There is a stone staircase leading down here.
You hit the orc wizard.
The orc wizard is moderately wounded.
The orc wizard casts a spell at you. The puff of frost hits you!
You die...

####### #.....#
#######
###.....#######......
#...@.........'......
#.#.o...#######......
#.#.....# #......
#.#.....#############
#.#.....(.........#
#.#...............#
#.##.###..........#
#.##.###..........#
#.#...............###


You could see an orc wizard.

Vanquished Creatures
  The ghost of Jmtri7 the Skirmisher, an amateur OgMo (D:3)
  An orc priest (D:4)
  Terence (D:3)
  4 adders
  3 worms
  A dart slug (D:3)
  3 giant geckos
  6 orcs
  7 bats
  2 giant cockroaches
  6 goblins
  3 hobgoblins (D:2)
  4 jackals (D:1)
  7 kobolds
  A quokka (D:2)
  A ball python (D:3)
  2 giant newts
  5 rats
58 creatures vanquished.

Notes
Turn   | Place    | Note
-------+----------+-------------------------------------------
     0 | D:1      | Jmtri7 the Ogre Berserker began the quest for the Orb.
     0 | D:1      | Reached XP level 1. HP: 24/24 MP: 1/1
    57 | D:1      | Reached XP level 2. HP: 20/32 MP: 2/2
   342 | D:1      | Reached skill level 5 in Maces & Flails
   699 | D:2      | Reached XP level 3. HP: 32/39 MP: 3/3
   703 | D:2      | Reached ** piety under Trog
   919 | D:2      | Found a faded altar of an unknown god.
  1049 | D:2      | Reached skill level 6 in Maces & Flails
  1274 | D:2      | Found a basalt altar of Yredelemnul.
  1662 | D:2      | Reached XP level 4. HP: 45/48 MP: 4/4
  2139 | D:3      | Noticed Terence
  2151 | D:3      | Killed Terence
  2200 | D:3      | Reached skill level 7 in Maces & Flails
  2342 | D:3      | Reached XP level 5. HP: 34/54 MP: 5/5
  2417 | D:3      | Found a shattered altar of Ashenzari.
  2580 | D:3      | Noticed Jmtri7's ghost (amateur OgMo)
  2591 | D:3      | Killed Jmtri7's ghost
  2591 | D:3      | Reached skill level 9 in Maces & Flails
  2591 | D:3      | Reached XP level 6. HP: 62/62 MP: 6/6
  2980 | D:4      | Found an opulent altar of Gozag.
  3025 | D:4      | Found a sparkling altar of Nemelex Xobeh.
  3078 | D:3      | Killed from afar by an orc wizard

Vault maps used:
D:1:      minmay_arrival_glassed_features
D:2:      marbit_many_paths, ecumenical_altar_2
D:3:      nicolae_ashenzari_panopticon, serial_glass, glass_columns_a,
          glass_columns_c, st_stairs_8, uniq_terence
D:4:      dancing_weapons_uskayaw, nicolae_overflow_crystal_walls,
          kennysheep_mini_moat, nicolae_gozag_cash_rules_everything_around_me,
          kiku_gazebo_garden_becter, serial_shops, shop,
          nicolae_shop_statue_plus, first_bread,
          nemelex_xobeh_ov_fountains_minmay

Skill      XL: |  1  2  3  4  5 |
---------------+----------------+-----
Maces & Flails | 5 6 7 9 |  9.3
Fighting       | |  4.0
Dodging        | |  2.6

Action                   |  1- 3 |  4- 6 || total
-------------------------+-------+-------++-------
Melee: Mace              |   101 |    95 ||   196
Invok: Berserk           |     3 |     4 ||     7
 Stab: Sleeping          |     1 |     1 ||     2
  Eat: Chunk             |     2 |     4 ||     6
       Royal jelly       |     1 |       ||     1
       Meat ration       |       |     1 ||     1
Armor: Animal skin       |    30 |    24 ||    54
Dodge: Dodged            |    67 |    47 ||   114
